 Dungeon Crawl Stone Soup version 0.31-a0-523-g071a6c1ffa (webtiles) character file.

Game seed: 357498705330795496

1925 Newt the Mimic (level 8, -1/63 HPs)
             Began as a Yellow Draconian Shapeshifter on Aug 11, 2023.
             Was a Believer of Okawaru.
             Slain by a troll (4 damage)
             ... on level 6 of the Dungeon.
             The game lasted 00:06:43 (5991 turns).

Newt the Mimic (Yellow Draconian Shapeshifter)      Turns: 5991, Time: 00:06:44

Health: -1/63      AC:  6    Str: 19    XL:     8   Next: 96%
Magic:  17/17      EV: 12    Int:  9    God:    Okawaru [**....]
Gold:   280        SH:  0    Dex: 12    Spells: 5/7 levels left

rFire   . .          .
                       - Unarmed
rCold   . . .        (shield currently unavailable)
rNeg    . . .        (body armour unavailable)
rPois   .            (helmet restricted)
rElec   .            l - scarf {repulsion}
rCorr   +            (no gloves)
SInv    .            (no boots)
Will    .....        (no amulet)
Stlth   +            s - ring of magical power
HPRegen 0.30/turn    (no ring)
MPRegen 0.15/turn

%: repel missiles
@: flux-form, weak-willed, glowing
A: glow, contaminating, spit acid, AC +6, unfitting armour, cold-blooded, acid
resistance
a: Breathe Acid, Begin Untransformation, Renounce Religion, Heroism


You were on level 6 of the Dungeon.
You worshipped Okawaru.
Okawaru was pleased with you.
You were something dangerously unstable.
You visited 2 branches of the dungeon, and saw 7 of its levels.

You collected 340 gold pieces.
You spent 60 gold pieces at shops.

Inventory:

Missiles
 u - a throwing net
Armour
 e - a +0 cloak
 k - the -1 cloak of the Bashing Wishes {Harm Regen+ Dex+3}
   (You found it on level 6 of the Dungeon)

   Dex+3:     It affects your dexterity (+3).
   Regen+:    It increases your rate of health regeneration.
   Harm:      It increases damage dealt and taken.
 l - a scarf of repulsion (worn)
Jewellery
 s - a ring of magical power (left hand)
Talismans
 b - a beast talisman
 c - a flux talisman (active)
 q - a serpent talisman
Scrolls
 f - a scroll of enchant armour
 h - a scroll of immolation
 n - 2 scrolls of amnesia
 t - a scroll of teleportation
 w - a scroll of vulnerability
Potions
 a - 3 potions of lignification
 d - 2 potions of cancellation
 g - 2 potions of ambrosia
 j - a potion of degeneration
 m - a potion of haste
 o - a potion of brilliance
 p - a potion of enlightenment
 v - a potion of attraction


   Skills:
 - Level 3.0 Fighting
 - Level 1.7 Dodging
 + Level 6.2 Unarmed Combat
 - Level 9.0 Shapeshifting


You had 5 spell levels left.
You knew the following spells:

 Your Spells              Type           Power      Damage    Failure   Level
a - Wereblood             Tmut           0%         N/A       52%         2

Your spell library contained the following spells:

 Spells                   Type           Power      Damage    Failure   Level
 Sting                    Tmut/Pois      0%         1d3       38%         1
 Poisonous Vapours        Pois/Air       0%         N/A       52%         2
 Sublimation of Blood     Necr           0%         N/A       52%         2
 Olgreb's Toxic Radiance  Pois           0%         N/A       99%         4
 Summon Hydra             Summ           Unusable   N/A       N/A         7

Dungeon Overview and Level Annotations

Branches:
Dungeon (6/15)             Temple (1/1) D:4

Altars:
Ashenzari
Cheibriados
Dithmenos
Elyvilon
Fedhas
Hepliaklqana
Kikubaaqudgha
Makhleb
Nemelex Xobeh
Okawaru
Qazlal
Ru
Sif Muna
Trog
Uskayaw
Wu Jian
Xom
Yredelemnul
Zin
The Shining One

Shops:
D:2 (   D:5 (?(


Innate Abilities, Weirdness & Mutations

You are something dangerously unstable.
You glow with magical radiation, making you easy to see and hit.
Foes you strike become dangerously contaminated with magical radiation.
You are incapable of wielding weapons or throwing items.
You can spit globs of acid.
Your golden yellow scales are hard. (AC +6)
You cannot fit into any form of body armour.
You are cold-blooded and may be slowed by cold attacks.
You are resistant to acid. (rCorr)


Message History

* * * LOW HITPOINT WARNING * * *
You closely miss the troll. You tail-slap the troll.
The troll is lightly wounded.
The troll bites you.
* * * LOW HITPOINT WARNING * * *
The troll claws you.
* * * LOW HITPOINT WARNING * * *
The troll claws you.
* * * LOW HITPOINT WARNING * * *
You feel much better.
You feel sick.
You are no longer poisoned.
The troll barely misses you. The troll claws you but does no damage.
The troll claws you!
You closely miss the troll.
The troll is lightly wounded.
The troll barely misses you. The troll completely misses you.
The troll closely misses you.
You hit the troll but do no damage.
The troll begins to glow.
Your tail-slap misses the troll.
The troll is lightly wounded.
The troll bites you but does no damage. The troll barely misses you.
The troll closely misses you.
You hit the troll but do no damage.
The troll glows dangerously bright.
The troll closely misses you. The troll claws you!
* * * LOW HITPOINT WARNING * * *
The troll claws you.
* * * LOW HITPOINT WARNING * * *
Unknown command.
You hit the troll.
The troll shudders as magic cascades through it!!
The troll twists and deforms.
You tail-slap the troll.
The troll is almost dead.
Unknown command.
You hit the troll.
The troll begins to glow.
You tail-slap the troll, but do no damage.
The troll is almost dead.
The troll barely misses you. The troll claws you.
* * * LOW HITPOINT WARNING * * *
The troll claws you.
You die...

######### #.......#
#.......# # #.......# #
##.......#
##################........#
....†...........BT5.......#
###################.......#
# #.......# # #####T######
# ##....5....# #..........#
##. #.........># ...
#......^...# ##.
.....!..........#


You could see a troll (contam, misshapen) and an ufetubus.

Vanquished Creatures
  Sigmund (D:6)
  Eustachio (D:5)
  Menkaure (D:5)
  A water moccasin (D:6)
  3 black bears
  2 ice beasts
  A centaur (D:5)
  2 phantoms
  A scorpion (D:5)
  A jelly (D:5)
  A howler monkey (D:5)
  3 orc priests
  5 hounds
  A sleepcap (D:6)
  Jessica (D:2)
  2 iguanas (D:5)
  4 gnolls (D:3)
  14 adders
  3 worms (D:2)
  4 dart slugs
  5 orcs
  12 ball pythons
  7 endoplasms
  2 giant cockroaches
  5 hobgoblins
  5 jackals (D:3)
  2 quokkas
  5 bats
  6 frilled lizards
  9 goblins
  12 kobolds
  6 rats
128 creatures vanquished.

Notes
Turn   | Place    | Note
-------+----------+-------------------------------------------
     0 | D:1      | Newt the Draconian Shapeshifter began the quest for the
                  | Orb.
     0 | D:1      | Reached XP level 1. HP: 16/16 MP: 1/1
   102 | D:1      | Reached XP level 2. HP: 25/25 MP: 2/2
   822 | D:2      | Reached XP level 3. HP: 29/31 MP: 3/3
  1324 | D:2      | Found a broken altar of Ashenzari.
  1345 | D:2      | Reached XP level 4. HP: 38/38 MP: 4/4
  1639 | D:2      | Noticed Jessica
  1654 | D:2      | Killed Jessica
  1655 | D:2      | Reached skill level 4 in Shapeshifting
  1672 | D:2      | Found Nyxiwk's Antique Weapon Shoppe.
  2091 | D:3      | Found a faded altar of an unknown god.
  2181 | D:3      | Reached XP level 5. HP: 33/45 MP: 5/5
  2490 | D:3      | Found a glowing golden altar of the Shining One.
  2653 | D:4      | Found a staircase to the Ecumenical Temple.
  2686 | D:4      | Learned a level 2 spell: Wereblood
  2796 | Temple   | Entered the Ecumenical Temple
  2801 | Temple   | Became a worshipper of Warmaster Okawaru
  2841 | D:4      | Reached skill level 5 in Shapeshifting
  3026 | D:4      | Noticed a black bear
  3048 | D:4      | Killed a black bear
  3049 | D:4      | Reached XP level 6. HP: 33/51 MP: 6/6
  3272 | D:4      | Reached skill level 6 in Shapeshifting
  3834 | D:5      | Entered Level 5 of the Dungeon
  3839 | D:5      | Noticed Eustachio
  3859 | D:5      | Reached * piety under Okawaru
  3860 | D:5      | Your scales start taking on a golden yellow colour.
  3860 | D:5      | Reached XP level 7. HP: 57/57 MP: 7/7
  3860 | D:5      | Gained mutation: You are resistant to acid. (rCorr) [Yellow
                  | Draconian growth]
  4166 | D:5      | Reached skill level 7 in Shapeshifting
  4194 | D:5      | Killed Eustachio
  4492 | D:5      | Noticed Menkaure
  4500 | D:5      | Killed Menkaure
  4501 | D:5      | Reached skill level 8 in Shapeshifting
  4501 | D:5      | Reached XP level 8. HP: 19/63 MP: 8/8
  4812 | D:5      | Found Meoredd's Magic Scroll Emporium.
  4821 | D:5      | Found Nurim's Weapon Emporium.
  4822 | D:5      | Found Vuwee's Antique Weapon Emporium.
  4828 | D:5      | Bought a scroll of identify for 20 gold pieces
  4828 | D:5      | Bought a scroll of identify for 20 gold pieces
  4828 | D:5      | Bought a scroll of identify for 20 gold pieces
  4905 | D:5      | Noticed a hornet
  5082 | D:5      | Reached ** piety under Okawaru
  5239 | D:6      | Noticed Sigmund
  5442 | D:5      | Reached skill level 9 in Shapeshifting
  5614 | D:6      | Killed Sigmund
  5675 | D:6      | Reached skill level 5 in Unarmed Combat
  5709 | D:6      | Identified the -1 cloak of the Bashing Wishes {Harm Regen+
                  | Dex+3}
  5961 | D:6      | Noticed a troll
  5991 | D:6      | HP: 3/63 [troll (6)]
  5991 | D:6      | Slain by a troll

Illustrated notes

Levels and vault maps discovered:
D:1:      erik_arrival_orb_chamber, layout_basic, nrook_uturn
D:2:      layout_loops_corners, serial_shops, nicolae_shop_gibbet_a_chance,
          basic_altar, uniq_jessica
D:3:      layout_rooms, nicolae_tso_carved_into_rock,
          ebering_ecumenical_altar_mist
D:4:      minmay_octagon_keep, layout_rooms, temple_statues
D:5:      layout_basic, nicolae_shop_distant_corner_stores,
          lightli_corner_chamber, uniq_menkaure, uniq_eustachio
D:6:      layout_rooms, uniq_sigmund
Temple:   nicolae_temple_bog_church

Skill      XL: |  1  2  3  4  5  6  7  8 |
---------------+-------------------------+-----
Fighting       | 2 3 |  3.0
Shapeshifting  | 4 5 6 8 9 |  9.0
Unarmed Combat | 6 |  6.2
Dodging        | |  1.7

Action                     |  1- 3 |  4- 6 |  7- 9 || total
---------------------------+-------+-------+-------++-------
  Melee: Unarmed           |    78 |   196 |   161 ||   435
         Tailslap          |    14 |    28 |    25 ||    67
         Punch             |     1 |     2 |       ||     3
Ability: Breathe Acid      |       |       |     4 ||     4
    Use: Scroll            |     4 |    11 |     5 ||    20
         Potion            |       |     1 |     2 ||     3
   Stab: Sleeping          |       |     1 |       ||     1
 Armour: Skin              |    14 |    76 |    74 ||   164
  Dodge: Dodged            |    26 |   123 |   145 ||   294
   Form: Flux              |       |     1 |       ||     1

Table legend: (Time is in decaauts)
 A = Elapsed time spent in this place.
 B = Non-inter-level travel time spent in this place.
 C = Inter-level travel time spent in this place.
 D = Time resting spent in this place.
 E = Time spent auto-exploring this place.
 F = Levels seen in this place.
 G = Mean time per level.
                   A        B        C        D        E       F      G
               +--------+--------+--------+--------+--------+-----+--------+
         Total |   5972 |   5706 |    266 |   1552 |   3216 |   7 |  853.1 |
       Dungeon |   5962 |   5706 |    256 |   1552 |   3216 |   6 |  993.7 |
        Temple |     10 |      1 |      9 |      0 |      0 |   1 |   10.0 |
               +--------+--------+--------+--------+--------+-----+--------+

Top non-repeatable levels by time:
     D:5: 1759 daAuts
     D:4: 1211 daAuts
     D:2: 1145 daAuts
     D:1: 788 daAuts
     D:3: 668 daAuts
     D:6: 388 daAuts
  Temple: 10 daAuts
